 Dungeon Crawl Stone Soup version 0.19.0-18-g426998a (webtiles) character file.

154 Minion the Slasher (level 5, -1/41 HPs)
             Began as a Formicid Fighter on Nov 12, 2016.
             Slain by a gnoll
             ... wielding a cursed -1 mace
              (5 damage)
             ... on level 3 of the Dungeon.
             The game lasted 00:07:04 (3090 turns).

Minion the Slasher (Formicid Fighter)               Turns: 3090, Time: 00:07:05

Health: -1/41      AC:  6    Str: 22    XL:     5   Next: 62%
Magic:  5/5        EV:  8    Int:  7    God:
Gold:   134        SH:  9    Dex: 10    Spells: 0 memorised, 4 levels left

rFire  . . .     SeeInvis +     a - +0 long sword
rCold  . . .     Gourm    .     b - +0 scale mail
rNeg   + . .     Faith    .     c - +0 shield
rPois  .         Spirit   .     (helmet unavailable)
rElec  .         Reflect  .     (no cloak)
rCorr  .         Harm     .     (no gloves)
MR     .....                    (no boots)
Stlth  ..........               (no amulet)
                                (no ring)
                                x - ring of positive energy

@: no status effects
A: permanent stasis, dig shafts and tunnels, four strong arms, antennae 3
a: Dig, Shaft Self


You were on level 3 of the Dungeon.
You were not hungry.

You visited 1 branch of the dungeon, and saw 3 of its levels.

You collected 134 gold pieces.

Inventory:

Hand Weapons
 a - a +0 long sword (weapon)
Armour
 b - a +0 scale mail (worn)
 c - a +0 shield (worn)
Jewellery
 x - a ring of positive energy (left hand)
Scrolls
 h - 2 scrolls of identify
 i - 3 scrolls of enchant armour {unknown}
 j - a scroll of immolation {unknown}
 m - a scroll of amnesia {unknown}
 q - a scroll of random uselessness {unknown}
 s - a scroll of teleportation {unknown}
Potions
 d - a potion of might
 e - a potion of agility {unknown}
 g - a potion of brilliance {unknown}
 k - a potion of curing {unknown}
 l - a potion of haste {unknown}
 o - 2 potions of degeneration {unknown}
 r - a potion of invisibility {unknown}
 t - a potion of heal wounds {unknown}
 w - a potion of flight {unknown}
Books
 y - a book of Misfortune

   Spells                             Type                      Level
   a - Confusing Touch                Hexes                        1
   b - Confuse                        Hexes                        3
   c - Gell's Gravitas                Hexes/Translocation          3
   d - Petrify                        Transmutation/Earth          4
   e - Metabolic Englaciation         Hexes/Ice                    5
   f - Yara's Violent Unravelling     Hexes/Transmutation          5
Comestibles
 f - 2 bread rations
 n - a meat ration
 p - 4 fruits
 u - a beef jerky


   Skills:
 - Level 3.2 Fighting
 + Level 5.1 Long Blades
   Level 0.0 Staves
 - Level 3.2 Armour
 - Level 4.2 Shields


You had 4 spell levels left.
You didn't know any spells.

Dungeon Overview and Level Annotations

Branches:
Dungeon (3/15)

Altars:


Innate Abilities, Weirdness & Mutations

You are under a permanent stasis effect.
You can dig through walls and to a lower floor.
Your four strong arms can wield two-handed weapons with a shield.
You have a pair of large antennae on your head. (SInv)


Message History

You hit the gnoll but do no damage.
The gnoll is severely wounded.
The gnoll hits you with an uncursed war axe.
* * * LOW HITPOINT WARNING * * *
You slash the gnoll!
You kill the gnoll!
Your Long Blades skill increases to level 5!
You slash the gnoll!
You kill the gnoll!
You block the gnoll's attack.
Items here: $ ( ))) a whip; 13 gold pieces; an uncursed war axe; an uncursed hunting sling 4 stones You hit the gnoll.
The gnoll is lightly wounded.
The gnoll misses you.
You completely miss the gnoll.
The gnoll is lightly wounded.
The gnoll hits you with a mace.
You die...

#.........# #รท#'#######
#.#.)..# #.####.# #.# #.#
#.####.# #....#.#
####.#.##################
...#.#.#...(((.g@((((..[#
..g#'#...)#############.#
.[...<##.## #.#
).g....((# #.####
...(.g#### #....# ......#
####.# ......# #.#
####### #########.#
#.........#


You could see a gnoll.

Vanquished Creatures
  A scorpion (D:3)
  3 gnolls (D:3)
  An adder (D:3)
  An ooze (D:3)
  A worm (D:2)
  3 dart slugs
  3 leopard geckos
  2 orcs (D:3)
  5 bats
  A giant cockroach (D:3)
  6 goblins
  5 hobgoblins
  5 jackals
  A quokka (D:2)
  A ball python (D:3)
  2 frilled lizards
  8 kobolds
  3 rats
52 creatures vanquished.

Notes
Turn   | Place    | Note
-------+----------+-------------------------------------------
     0 | D:1      | Minion the Formicid Fighter began the quest for the Orb.
     0 | D:1      | Reached XP level 1. HP: 18/18 MP: 1/1
   117 | D:1      | Reached XP level 2. HP: 19/24 MP: 2/2
  1010 | D:2      | Reached XP level 3. HP: 26/29 MP: 3/3
  1161 | D:2      | Reached skill level 3 in Long Blades
  2036 | D:3      | Reached XP level 4. HP: 21/35 MP: 4/4
  2470 | D:3      | Reached skill level 4 in Long Blades
  2470 | D:3      | Reached XP level 5. HP: 25/41 MP: 5/5
  3086 | D:3      | Reached skill level 5 in Long Blades
  3090 | D:3      | Slain by a gnoll

Skill      XL: |  1  2  3  4  5 |
---------------+----------------+-----
Shields        | 4 |  4.2
Long Blades    | 3 4 5 |  5.1
Fighting       | |  3.2
Armour         | |  3.2

Action                   |  1- 3 |  4- 6 || total
-------------------------+-------+-------++-------
Melee: Long sword        |   130 |    92 ||   222
  Use: Scroll            |       |     1 ||     1
  Eat: Chunk             |     4 |     3 ||     7
Armor: Scale mail        |    62 |    37 ||    99
Dodge: Dodged            |    45 |    25 ||    70
Block: Shield            |    79 |    61 ||   140
       Rpst.: Long sword |    11 |     6 ||    17
